 Dungeon Crawl Stone Soup version 0.27-a0-1555-g0e7b3fb1d2 (webtiles) character file.

Game seed: 11104254505165459077

244729 sanka the Black Belt (level 20, -8/149 HPs)
             Began as a Djinni Summoner on June 29, 2021.
             Was the Champion of Makhleb.
             Killed by drain life
             ... invoked by a soul eater
              (21 damage)
             ... on level 4 of the Swamp on July 14, 2021.
             The game lasted 01:48:17 (52246 turns).

sanka the Black Belt (Djinni Summoner)             Turns: 52246, Time: 01:48:18

Health: -8/149     AC: 10    Str:  7    XL:     20   Next: 24%
Gold:   1486       EV: 36    Int: 20    God:    Makhleb [******] SH:  0 Dex: 39

rFire    + + +     SeeInvis .     - Unarmed
rCold    + . .     Faith    .   (no shield)
rNeg     . . .     Spirit   .   F - +2 robe {rC+ rF+}
rPois    ∞         Reflect  .   M - +2 helmet
rElec    .         Harm     .   y - scarf {rC+ rF+}
rCorr    .         Rampage  .   K - +2 pair of gloves
Will     ++...                  (boots unavailable)
Stlth    ++........             v - amulet of Lilacs {RegenMP Fragile rF++ Dex+9 Stlth-}
HPRegen  0.34/turn              R - +6 ring of dexterity
MPRegen  0.00/turn              L - +6 ring of dexterity

@: flying, studying 2 skills
A: sickness immunity, fire resistance 2, cold vulnerability 1, float, innate
caster, hp casting, extra vitality 1, dopey 1
}: 2/15 runes: decaying, gossamer
a: Renounce Religion, Minor Destruction, Lesser Servant of Makhleb, Major
Destruction, Greater Servant of Makhleb


You were on level 4 of the Swamp.
You worshipped Makhleb.
Makhleb was exalted by your worship.
You visited 6 branches of the dungeon, and saw 32 of its levels.
You also visited: Bailey and Ice Cave.

You collected 2807 gold pieces.
You spent 1321 gold pieces at shops.


Innate Abilities, Weirdness & Mutations

You are immune to sickness and miasma.
You are immune to poison.
Your flesh is very heat resistant. (rF++)
You are vulnerable to cold. (rC-)
You float through the air rather than walking.
You learn spells naturally, not from books.
Your magical power is your life essence.
You have superior vitality. (+4 HP)
You are dopey. (Int -2)


   Skills:
 - Level 15.0 Fighting
 - Level 16.0 Dodging
 - Level 1.5 Stealth
 + Level 17.2 Unarmed Combat
 - Level 16.0 Spellcasting


You couldn't memorise any spells.
You knew the following spells:

 Your Spells              Type           Power      Damage    Failure   Level
c - Call Canine Familiar  Summ           68%        N/A       0%          3
i - Spider Form           Tmut/Pois      34%        N/A       0%          3
o - Pain                  Necr           100%       1d9       0%          1
p - Fireball              Conj/Fire      34%        3d14      1%          5
u - Vampiric Draining     Necr           34%        2d10      0%          3
v - Summon Ice Beast      Ice/Summ       68%        N/A       1%          4
x - Call Imp              Summ           68%        N/A       0%          2
y - Summon Small Mammal   Summ           100%       N/A       0%          1
z - Airstrike             Air            34%        N/A       1%          4
C - Statue Form           Tmut/Erth      45%        N/A       1%          6
N - Passwall              Tmut/Erth      56%        N/A       0%          2
V - Malign Gateway        Summ/Tloc      34%        N/A       4%          7
X - Summon Lightning Spi  Summ/Air       68%        N/A       1%          4
Y - Conjure Ball Lightni  Conj/Air       34%        3x3d11    1%          6
Z - Summon Guardian Gole  Hex/Summ       68%        N/A       0%          3
Your spell library was empty.

Inventory:

Hand Weapons
 b - the +6 spear of the Present {drain, rC+ Dex+2 SInv, !a} A truly terrible weapon, it drains the life of any living foe it strikes. Dex: It affects your dexterity (+2). rC: It protects you from cold. SInv: It lets you see invisible.
Missiles
 D - 7 throwing nets {=f}
Armour
 m - the +2 cloak of Compression {rElec rPois Int+6}

   Int:       It affects your intelligence (+6).
   rElec:     It insulates you from electricity.
   rPois:     It protects you from poison.
 y - a scarf of resistance (worn)
 F - a +2 robe of resistance (worn)
 K - a +2 pair of gloves (worn)
 M - a +2 helmet (worn)
 Q - a +2 pair of gloves
Jewellery
 j - a ring of protection from cold
 p - the necklace of Bloodlust {*Rage +Rage Will++ Int-3 Slay+6}

   [amulet of nothing]

   It extends the wearer's berserk rage when killing foes.
   Int:       It affects your intelligence (-3).
   Slay:      It affects your accuracy & damage with ranged weapons and melee
   (+6).
   +Rage:     It lets you go berserk.
   *Rage:     It may make you go berserk in combat.
   Will:      It greatly increases your willpower.
 v - the amulet of Lilacs (around neck) {RegenMP Fragile rF++ Dex+9 Stlth-}

   [amulet of magic regeneration]

   It increases your rate of magic regeneration.
   Dex:       It affects your dexterity (+9).
   rF:        It greatly protects you from fire.
   Fragile:   It will be destroyed if unequipped.
   Stlth:     It makes you less stealthy.
 L - a +6 ring of dexterity (right hand)
 P - a ring of willpower
 R - a +6 ring of dexterity (left hand)
 V - a ring of resist corrosion
Wands
 a - a wand of charming (10)
 c - a wand of iceblast (13)
 l - a wand of paralysis (23)
 x - a wand of polymorph (16)
 C - a wand of mindburst (31)
 O - a wand of acid (27)
 T - a wand of flame (20)
Scrolls
 e - 3 scrolls of enchant armour
 g - 3 scrolls of fog
 i - 6 scrolls of enchant weapon
 k - 6 scrolls of immolation {!r}
 q - 15 scrolls of teleportation {@r4}
 s - 3 scrolls of fear
 u - 2 scrolls of brand weapon
 w - 4 scrolls of vulnerability {!r}
 E - 3 scrolls of identify {@r1}
 G - 3 scrolls of summoning
 H - a scroll of silence {!r}
 N - 5 scrolls of blinking
 S - 3 scrolls of magic mapping
 U - 2 scrolls of holy word {unknown}
Potions
 d - 3 potions of berserk rage {!q}
 f - 7 potions of ambrosia
 h - 2 potions of cancellation
 n - a potion of haste {@q3}
 o - 9 potions of attraction {!q}
 r - 9 potions of lignification {!q}
 t - 2 potions of resistance
 z - 5 potions of curing {@q1}
 A - 5 potions of brilliance
 B - 5 potions of mutation {!q}
 I - 6 potions of heal wounds {@q2}
 J - 3 potions of might

Dungeon Overview and Level Annotations

Branches:
Dungeon (15/15)            Temple (1/1) D:7            Lair (6/6) D:9
  Swamp (4/4) Lair:4       Spider (4/4) Lair:3        Slime (0/5) Lair:5
    Orc (2/2) D:9             Elf (0/3) Orc:2        Vaults (0/5) D:14
 Depths (0/5) D:15         Bailey (visited)           IceCv (visited)

Altars:
Ashenzari
Cheibriados
Dithmenos
Elyvilon
Fedhas
Gozag
Hepliaklqana
Kikubaaqudgha
Makhleb
Nemelex Xobeh
Okawaru
Qazlal
Ru
Sif Muna
Trog
Uskayaw
Vehumet
Wu Jian
Xom
Yredelemnul
Zin
The Shining One
Beogh
Jiyva

Shops:
D:5 *   D:10 !   D:14 =   Orc:2 ([=*

Portals:
Trove: D:11 (give 9 potions of haste)

Annotations:
Lair:2 1 runed translucent door, Xaifossi's ghost, journeyman GrEE

≈≈≈≈≈≈≈≈ ♣#.≈♣♣♣≈ ♣.
.≈≈≈... ▒▒≈ ≈≈≈≈≈♣≈≈
♣.≈♣.≈.w..
▒▒.▒▒≈≈.≈≈♣≈≈
.≈.♣.p...♣▒▒≈≈▒∩▒▒
.≈...≈≈≈≈.▒≈≈)≈▒.▒▒
...≈≈♣≈≈≈▒▒≈i.≈▒≈.▒▒
♣...i..≈▒♣≈≈.≈▒▒..▒▒
▒▒
♣3D.)▒≈≈≈≈.♣▒.≈≈♣▒♣≈
♣..R▒≈≈≈)≈≈≈▒▒♣≈.≈≈.
♣..tH▒≈≈♣..≈≈.▒▒≈≈≈≈.
♣<≈.≈▒≈≈≈[≈≈≈▒▒♣≈≈.#≈
♣♣≈.#▒.≈≈≈♣▒▒▒▒♣.≈8.#
♣♣♣w▒..♣▒▒▒≈≈▒≈≈.♣≈≈
≈♣▒♣♣▒▒...≈≈▒♣♣♣♣♣ ≈
▒▒▒▒▒▒▒▒≈▒▒▒▒▒▒ ≈
▒≈≈≈≈)≈.≈▒≈≈≈#≈
▒♣...≈♣♣♣▒∩.≈≈∩


You could see an alligator (swift, poisoned), a swamp dragon, a fenstrider
witch, a tyrant leech, a spriggan rider, a soul eater, a wizard and a swamp
worm.


Message History

The fenstrider witch completely misses you.
The swamp dragon completely misses you. The swamp dragon claws you.
The swamp dragon completely misses you.
You hit the swamp dragon.
The swamp dragon is moderately wounded.
The alligator completely misses you. The alligator completely misses you.
The fenstrider witch hits you but does no damage.
The fenstrider witch completely misses you.
The spriggan rider hits you from afar with a +0 spear!
A tyrant leech comes into view.
You hit the swamp dragon.
The swamp dragon is moderately wounded.
The swamp dragon misses you.
The swamp dragon claws you but does no damage.
The swamp dragon completely misses you. The alligator bites you!
The alligator tail-slaps you.
* * * LOW HITPOINT WARNING * * *
The fenstrider witch gestures at you while chanting.
Your body is wracked with pain!
* * * LOW HITPOINT WARNING * * *
You hit the swamp dragon. Your punch misses the swamp dragon.
The swamp dragon is heavily wounded.
The spriggan rider hits you from afar with a +0 spear!!
* * * LOW HITPOINT WARNING * * *
The soul eater draws from the surrounding life force!
You die...

Action                   |  1- 3 |  4- 6 |  7- 9 | 10-12 | 13-15 | 16-18 | 19-21 || total
-------------------------+-------+-------+-------+-------+-------+-------+-------++-------
Melee: Short sword       |   103 |     4 |       |       |       |       |       ||   107
       Unarmed           |     4 |       |       |    29 |   133 |  1625 |   520 ||  2311
       Trident           |       |    23 |     4 |       |       |       |       ||    27
       Dire flail        |       |       |    68 |    33 |       |       |       ||   101
       Spear             |       |       |       |    82 |    30 |    56 |       ||   168
       Punch             |       |       |       |       |     4 |   168 |    67 ||   239
 Cast: Summon Small Mamm |     7 |       |       |       |       |       |       ||     7
       Call Imp          |     1 |     5 |     3 |       |       |       |       ||     9
       Pain              |    22 |    62 |    11 |       |       |       |       ||    95
       Summon Ice Beast  |       |     8 |     9 |    16 |     7 |       |       ||    40
       Vampiric Draining |       |       |    88 |   225 |   380 |       |       ||   693
       Spider Form       |       |       |       |     4 |     3 |       |       ||     7
       Airstrike         |       |       |       |   110 |   542 |   135 |    16 ||   803
       Statue Form       |       |       |       |       |    14 |    65 |    25 ||   104
       Fireball          |       |       |       |       |     3 |       |     1 ||     4
       Summon Lightning  |       |       |       |       |       |     7 |       ||     7
       Malign Gateway    |       |       |       |       |       |     1 |     1 ||     2
  Use: Scroll            |       |       |       |    11 |    11 |     7 |     1 ||    30
       Potion            |       |       |       |     1 |       |       |       ||     1
 Stab: Sleeping          |     3 |       |     3 |     4 |     1 |     1 |     1 ||    13
       Distracted        |       |       |       |       |       |     4 |       ||     4
       Confused          |       |       |       |       |       |       |     1 ||     1
       Held in net/web   |       |       |       |       |       |       |     1 ||     1
Armor: Robe              |    38 |    10 |    30 |       |    43 |    59 |    11 ||   191
       Steam dragon scal |       |       |       |    60 |       |       |       ||    60
       Skin              |       |       |       |     1 |    88 |   838 |   249 ||  1176
Dodge: Dodged            |    83 |    20 |   111 |   382 |  1177 |  5378 |  1551 ||  8702

Levels and vault maps discovered:
D:1:      ldierk_water_garden, layout_loops_ring, palyth_stone_intersect
D:2:      layout_basic, basic_altar, ebering_ecumenical_altar_abandoned,
          kennysheep_cluttered_room, uniq_natasha, uniq_terence
D:3:      layout_loops_ring, chequers_serial_rivers_room_a,
          chequers_serial_rivers_micro_d
D:4:      layout_layer_cave, uniq_blork_the_orc, uniq_pikel, uniq_eustachio
D:5:      layout_basic, serial_shops, shop_statue
D:6:      layout_layer_cave, kennysheep_ying_yang, st_stairs_1,
          minmay_crystal_room
D:7:      layout_gridville, minmay_temple_entry_gardened_gates, uniq_menkaure,
          uniq_maggie
D:8:      layout_loops_ring, grunt_temple_overflow_open
D:9:      kennysheep_blocky_room, layout_basic,
          chequers_temple_overflow_statue_of_worship, dpeg_lair_monsters,
          enter_bailey_2, uniq_grum
D:10:     layout_irregular_city, serial_shops, kennysheep_mini, uniq_erica,
          uniq_joseph
D:11:     layout_stronghold, nicolae_trove_entry_crossroad
D:12:     layout_layer_cave
D:13:     layout_cave_pods
D:14:     layout_basic, grunt_vaults_entry_tiered, serial_co_window_serial,
          co_window_paths_a, co_window_of_opportunity_a, co_window_paths_b,
          co_window_of_opportunity_a, co_window_corner_a, co_window_paths_b,
          co_window_paths_b, co_window_corner_b, co_window_corner_cb,
          co_window_corner_ca, co_window_2corner, co_window_2corner,
          co_window_paths_c, co_window_unsneaky_path_a, co_window_4corner_b,
          co_window_paths_d, serial_shops, shop, minmay_misc_feat_rugged,
          uniq_roxanne
D:15:     gammafunk_depths_entry_grave, layout_gridville,
          okawaru_ov_weapons_minmay, uniq_agnes
Temple:   nicolae_temple_figure_eight
Lair:1:   layout_layer_cave, basic_altar, minmay_lair_oklob_chamber
Lair:2:   layout_loops_ring, ebering_ghost_inner_flame, basic_altar,
          grunt_megastairs_5
Lair:3:   layout_gridlike, nicolae_spider_entry_tight_spaces,
          beast_lair_carwin_9, uniq_nergalle
Lair:4:   layout_regular_city, skrybe_swamp_entry_bodies, grunt_megastairs_3,
          lemuel_fruit_fields
Lair:5:   layout_long_grid, slime_altar_1, uniq_kirke
Lair:6:   hangedman_lair_tendril_chambers, layout_cave_pods, grunt_megastairs_4,
          lemuel_fruit_fields
Swamp:1:  layout_basic_swamp, evilmike_swamp_ruin_house_2, swamp_pool1,
          nicolae_swamp_hydra_murder_den, uniq_josephine
Swamp:2:  nicolae_swamp_decorative_isthmus, layout_basic_swamp,
          gammafunk_ghost_hydra_chop, evilmike_swamp_ruin_rubble_2
Swamp:3:  layout_falls_marsh, serial_swamp_ruin, evilmike_swamp_ruin_house_3,
          evilmike_swamp_ruin_rubble_1, uniq_aizul, uniq_donald
Swamp:4:  nzn_swamp_witches_coven, layout_basic_swamp, swamp_pool1
Spider:1: cheibrodos_spider_deadly_dance, hangedman_spider_tarantella_strand
Spider:2: gammafunk_sealed_arena, hive_lemuel
Spider:3: layout_spider_delve, portal_ice_cave_entry_pillars_four,
          ebering_ghost_reflecting_pool
Spider:4: floodkiller_spider_rune_tomb
Orc:1:    layout_caves, nicolae_orc_lost_temple
Orc:2:    grunt_orc_gardens, layout_caves, grunt_orc_garden, grunt_orc_garden,
          grunt_orc_garden, grunt_orc_garden, basic_altar

Notes
Turn   | Place    | Note
-------+----------+-------------------------------------------
     0 | D:1      | sanka the Djinni Summoner began the quest for the Orb.
     0 | D:1      | Reached XP level 1. HP: 15/15 MP: 0/0
   464 | D:1      | Reached XP level 2. HP: 10/21 MP: 0/0
  1396 | D:1      | Reached XP level 3. HP: 19/25 MP: 0/0
  1396 | D:1      | Learned a level 1 spell: Pain
  1546 | D:1      | Reached skill level 4 in Spellcasting
  3079 | D:2      | Noticed Natasha
  3085 | D:2      | Killed Natasha
  3086 | D:2      | Reached XP level 4. HP: 17/31 MP: 0/0
  3399 | D:2      | Found a sacrificial altar of Ru.
  3489 | D:2      | Found a faded altar of an unknown god.
  3524 | D:2      | Noticed Terence
  3548 | D:2      | Killed Terence
  3616 | D:2      | Reached XP level 5. HP: 29/35 MP: 0/0
  3616 | D:2      | Learned a level 2 spell: Passwall
  5193 | D:4      | Noticed a lemure
  5194 | D:4      | Noticed a lemure
  5277 | D:4      | Killed a lemure
  5278 | D:4      | Killed a lemure
  5333 | D:4      | Reached skill level 5 in Spellcasting
  5783 | D:4      | Reached XP level 6. HP: 22/40 MP: 0/0
  6184 | D:4      | Noticed Pikel
  6257 | D:4      | Killed Pikel
  6258 | D:4      | Reached skill level 6 in Spellcasting
  6258 | D:4      | Reached XP level 7. HP: 4/45 MP: 0/0
  6258 | D:4      | Learned a level 3 spell: Vampiric Draining
  6720 | D:4      | Noticed Eustachio
  6726 | D:4      | Killed Eustachio
  6727 | D:4      | Reached skill level 7 in Spellcasting
  7061 | D:4      | Noticed Blork the orc
  7080 | D:4      | Killed Blork the orc
  7081 | D:4      | Reached XP level 8. HP: 25/50 MP: 0/0
  7421 | D:5      | Entered Level 5 of the Dungeon
  7443 | D:5      | Found Repo's General Store.
  7505 | D:5      | Bought 2 potions of curing for 66 gold pieces
  7785 | D:5      | Reached skill level 1 in Fighting
  8009 | D:6      | Reached skill level 3 in Dodging
  8083 | D:6      | Reached skill level 2 in Fighting
  8239 | D:6      | Reached skill level 8 in Spellcasting
  8524 | D:6      | Reached skill level 4 in Dodging
  8524 | D:6      | Reached XP level 9. HP: 19/59 MP: 0/0
  8524 | D:6      | Learned a level 3 spell: Spider Form
  8764 | D:6      | Reached skill level 3 in Fighting
  9525 | D:6      | Found a white marble altar of Elyvilon.
  9603 | D:6      | Found a basalt altar of Yredelemnul.
 10002 | D:7      | Reached skill level 4 in Fighting
 10002 | D:7      | Reached skill level 5 in Dodging
 10234 | D:7      | Found a staircase to the Ecumenical Temple.
 10251 | D:7      | Noticed a troll
 10547 | D:7      | Noticed Menkaure
 10556 | D:7      | HP: 4/63 [Menkaure/nerve-wracking pain (14)]
 10559 | D:7      | Killed Menkaure
 10895 | Temple   | Entered the Ecumenical Temple
 11120 | Temple   | Became a worshipper of Makhleb the Destroyer
 11240 | D:7      | Reached skill level 5 in Fighting
 11240 | D:7      | Reached skill level 6 in Dodging
 11960 | D:7      | Killed a troll
 12051 | D:7      | Identified +0 steam dragon scales
 12051 | D:7      | Noticed Maggie
 12061 | D:7      | Killed Maggie
 12062 | D:7      | Reached skill level 6 in Fighting
 12062 | D:7      | Reached skill level 7 in Dodging
 12186 | D:8      | Noticed a two-headed ogre
 12391 | D:8      | Reached XP level 10. HP: 56/73 MP: 0/0
 12744 | D:8      | Found a stormy altar of Qazlal.
 12745 | D:8      | Found an iron altar of Okawaru.
 12747 | D:8      | Found an opulent altar of Gozag.
 12750 | D:8      | Found a shimmering altar of Xom.
 12750 | D:8      | Found a broken altar of Ashenzari.
 12859 | D:8      | HP: 3/73 [orc priest/divine providence (15)]
 12864 | D:8      | Reached skill level 8 in Dodging
 13194 | D:8      | Reached skill level 7 in Fighting
 13396 | D:8      | Killed a two-headed ogre
 13466 | D:9      | Found a staircase to the Orcish Mines.
 13479 | D:9      | Found a blossoming altar of Fedhas.
 13481 | D:9      | Found an ornate altar of the Wu Jian Council.
 13538 | D:9      | Identified the +2 chain mail of Vynut {MP+9 Slay+3 SInv}
 13549 | D:9      | Found a flagged portal.
 13556 | D:9      | Identified the +6 spear of the Present {drain, rC+ Dex+2
                  | SInv}
 13563 | Bailey   | Entered a bailey
 14060 | Bailey   | Reached * piety under Makhleb
 14061 | Bailey   | Reached skill level 9 in Dodging
 14275 | Bailey   | Reached skill level 8 in Fighting
 14538 | Bailey   | Noticed an orc knight
 14955 | Bailey   | Killed an orc knight
 15269 | D:9      | Noticed Grum
 15279 | D:9      | Killed Grum
 15293 | D:9      | Reached XP level 11. HP: 51/82 MP: 0/0
 15293 | D:9      | Learned a level 4 spell: Airstrike
 15543 | D:9      | Reached skill level 10 in Dodging
 15547 | D:9      | Reached skill level 9 in Fighting
 15705 | D:9      | Noticed a two-headed ogre
 15709 | D:9      | Killed a two-headed ogre
 16005 | D:9      | Noticed a death yak
 16014 | D:9      | Noticed a death yak
 16024 | D:9      | Noticed a death yak
 16029 | D:9      | Killed a death yak
 16030 | D:9      | Reached skill level 10 in Fighting
 16030 | D:9      | Reached skill level 11 in Dodging
 16354 | D:9      | Found a staircase to the Lair.
 16574 | D:9      | Noticed a two-headed ogre
 16579 | D:9      | Killed a two-headed ogre
 16653 | D:9      | Noticed a two-headed ogre
 16658 | D:9      | Killed a two-headed ogre
 17083 | D:9      | Killed a death yak
 17091 | D:9      | Killed a death yak
 17092 | D:9      | Reached skill level 12 in Dodging
 17235 | D:10     | Entered Level 10 of the Dungeon
 17337 | D:10     | Reached skill level 11 in Fighting
 17337 | D:10     | Reached XP level 12. HP: 79/94 MP: 0/0
 17543 | D:9      | Identified +0 steam dragon scales
 17667 | D:10     | Found Satsanwafy's Distillery.
 17747 | D:10     | Reached ** piety under Makhleb
 18089 | D:10     | Noticed Erica
 18097 | D:10     | Killed Erica
 18097 | D:10     | Noticed Joseph
 18100 | D:10     | Killed Joseph
 18118 | D:10     | Noticed a boulder beetle
 18523 | D:10     | Killed a boulder beetle
 18988 | D:11     | Noticed a boulder beetle
 19000 | D:11     | Killed a boulder beetle
 19001 | D:11     | Reached skill level 13 in Dodging
 19235 | D:11     | Reached skill level 12 in Fighting
 20141 | D:11     | Found a portal to a secret trove of treasure.
 20380 | Lair:1   | Entered Level 1 of the Lair of Beasts
 21068 | Lair:1   | Reached XP level 13. HP: 83/102 MP: 0/0
 21068 | Lair:1   | Learned a level 5 spell: Fireball
 21427 | Lair:1   | Found a hazy altar of Hepliaklqana.
 21967 | Lair:1   | Identified a +2 robe of resistance
 22486 | Lair:2   | Reached *** piety under Makhleb
 22541 | Lair:2   | Found a basalt altar of Yredelemnul.
 22675 | Lair:2   | Reached skill level 9 in Spellcasting
 23060 | Lair:2   | Noticed a five-headed hydra
 23066 | Lair:2   | Killed a five-headed hydra
 23067 | Lair:2   | Reached skill level 14 in Dodging
 23333 | Lair:2   | Found a runed translucent door.
 23339 | Lair:2   | Noticed Xaifossi's ghost (journeyman GrEE)
 23724 | Lair:3   | Noticed Nergalle
 23729 | Lair:3   | Killed Nergalle
 23948 | Lair:3   | Reached skill level 13 in Fighting
 24918 | Lair:3   | Found a hole to the Spider Nest.
 25903 | Lair:4   | Identified the +4 rapier "Moatwo" {vorpal, *Rage +Blink
                  | rElec Str+4}
 25973 | Lair:4   | Reached **** piety under Makhleb
 26386 | Lair:4   | Found a staircase to the Swamp.
 26529 | Lair:4   | Reached XP level 14. HP: 83/110 MP: 0/0
 27019 | Lair:5   | Noticed Kirke
 27127 | Lair:5   | Killed Kirke
 27128 | Lair:5   | Reached skill level 10 in Spellcasting
 27187 | Lair:5   | Reached skill level 15 in Dodging
 27886 | Lair:5   | Found a viscous altar of Jiyva.
 27886 | Lair:5   | Found a staircase to the Slime Pits.
 27989 | Lair:6   | Entered Level 6 of the Lair of Beasts
 28194 | Lair:6   | Reached skill level 14 in Fighting
 28216 | Lair:6   | Reached ***** piety under Makhleb
 30001 | Lair:6   | Reached XP level 15. HP: 101/118 MP: 0/0
 30001 | Lair:6   | Learned a level 6 spell: Statue Form
 30467 | Lair:6   | Reached skill level 16 in Dodging
 30467 | Lair:6   | Reached skill level 1 in Unarmed Combat
 30864 | Orc:1    | Entered Level 1 of the Orcish Mines
 31676 | Orc:2    | Entered Level 2 of the Orcish Mines
 31690 | Orc:2    | Reached skill level 11 in Spellcasting
 31699 | Orc:2    | Reached skill level 2 in Unarmed Combat
 31747 | Orc:2    | Found Giuq's Antique Weapon Shoppe.
 31784 | Orc:2    | Found Peleut's Antique Armour Shoppe.
 31794 | Orc:2    | Found a staircase to the Elven Halls.
 31800 | Orc:2    | Paralysed by an orc sorcerer for 4 turns
 31811 | Orc:2    | Gained mutation: You are dopey. (Int -2) [a neqoxec]
 31998 | Orc:2    | Reached ****** piety under Makhleb
 32260 | Orc:2    | Found Garo's Jewellery Shoppe.
 32317 | Orc:2    | Reached skill level 3 in Unarmed Combat
 32334 | Orc:2    | Reached skill level 15 in Fighting
 33308 | Orc:2    | Noticed an orc warlord
 33319 | Orc:2    | Killed an orc warlord
 33320 | Orc:2    | Reached skill level 4 in Unarmed Combat
 33511 | Orc:2    | Found a bloodstained altar of Trog.
 33584 | Orc:2    | Found Urebb's General Store.
 33592 | Orc:2    | Bought a scroll of magic mapping for 52 gold pieces
 33592 | Orc:2    | Bought a potion of heal wounds for 75 gold pieces
 33916 | Orc:2    | Bought the amulet of Lilacs {RegenMP Fragile rF++ Dex+9
                  | Stlth-} for 1128 gold pieces
 34191 | D:12     | Identified a scarf of resistance
 34427 | D:12     | Upgraded the game from 0.27-a0-1378-gdefffd1ff6 to
                  | 0.27-a0-1416-g941b2bd30b
 34487 | D:12     | Reached skill level 5 in Unarmed Combat
 35930 | D:13     | Reached skill level 6 in Unarmed Combat
 37006 | D:13     | Reached skill level 7 in Unarmed Combat
 37006 | D:13     | Reached skill level 12 in Spellcasting
 37012 | D:13     | Reached XP level 16. HP: 126/126 MP: 0/0
 37565 | D:14     | Identified Roxanne's Incunabulum of the Rocks
 37565 | D:14     | Noticed Roxanne
 37600 | D:14     | Killed Roxanne
 37872 | D:14     | Reached skill level 8 in Unarmed Combat
 38619 | D:14     | Found a gate to the Vaults.
 38654 | D:14     | Reached skill level 9 in Unarmed Combat
 39451 | D:14     | Found Koypu's Jewellery Emporium.
 39843 | D:15     | Entered Level 15 of the Dungeon
 39929 | D:15     | Found an iron altar of Okawaru.
 40149 | D:15     | Noticed Agnes
 40156 | D:15     | Killed Agnes
 40180 | D:15     | Reached skill level 10 in Unarmed Combat
 40192 | D:15     | Reached skill level 13 in Spellcasting
 40638 | D:15     | Found a staircase to the Depths.
 40707 | D:15     | Reached XP level 17. HP: 131/131 MP: 0/0
 40707 | D:15     | Learned a level 7 spell: Malign Gateway
 40712 | D:15     | Reached skill level 11 in Unarmed Combat
 40975 | D:15     | Upgraded the game from 0.27-a0-1416-g941b2bd30b to
                  | 0.27-a0-1434-g6f15984924
 41242 | Spider:1 | Entered Level 1 of the Spider Nest
 41874 | Spider:1 | Found a runed translucent door.
 42289 | Spider:1 | Upgraded the game from 0.27-a0-1434-g6f15984924 to
                  | 0.27-a0-1500-g450c7e4133
 42362 | Spider:1 | Reached skill level 12 in Unarmed Combat
 42636 | Spider:2 | Reached skill level 14 in Spellcasting
 42894 | Spider:2 | Found the ring of the Octopus King
 42909 | Spider:2 | Found a transporter.
 42909 | Spider:2 | Found a transporter.
 43335 | Spider:2 | Identified the +2 cloak of Compression {rElec rPois Int+6}
 43359 | Spider:2 | Identified a ring of the Octopus King {Fly AC+1 EV+1 Str+1
                  | Int+1 Dex+1}
 43421 | Spider:2 | Upgraded the game from 0.27-a0-1500-g450c7e4133 to
                  | 0.27-a0-1555-g0e7b3fb1d2
 43515 | Spider:3 | Reached XP level 18. HP: 130/138 MP: 0/0
 43668 | Spider:3 | Found a frozen archway.
 43676 | IceCv    | Entered an ice cave
 44683 | IceCv    | Reached skill level 15 in Spellcasting
 44791 | IceCv    | Noticed an Ice Fiend
 44799 | IceCv    | Killed an Ice Fiend
 44988 | IceCv    | Identified a +1 crystal plate armour of cold resistance
 45218 | Spider:3 | Found a runed translucent door.
 45721 | Spider:3 | Noticed Byruo's ghost (adept SpFi)
 45722 | Spider:3 | Found the necklace of Bloodlust {*Rage +Rage Will++ Int-3
                  | Slay+6}
 45722 | Spider:3 | Identified 2 potions of resistance
 45739 | Spider:3 | Killed Byruo's ghost
 45829 | Spider:4 | Entered Level 4 of the Spider Nest
 47176 | Spider:4 | Reached skill level 16 in Spellcasting
 48010 | Spider:4 | Reached skill level 13 in Unarmed Combat
 48287 | Spider:4 | Reached XP level 19. HP: 143/143 MP: 0/0
 48287 | Spider:4 | Learned a level 6 spell: Conjure Ball Lightning
 48901 | Spider:4 | Got a gossamer rune of Zot
 48922 | Spider:4 | Reached skill level 14 in Unarmed Combat
 49097 | Swamp:1  | Entered Level 1 of the Swamp
 49246 | Swamp:1  | Noticed Josephine
 49313 | Swamp:1  | Killed Josephine
 49513 | Swamp:1  | Reached skill level 15 in Unarmed Combat
 50084 | Swamp:2  | Found a runed translucent gate.
 50084 | Swamp:2  | Found a runed translucent gate.
 50084 | Swamp:2  | Found a runed translucent gate.
 50086 | Swamp:2  | Noticed Deep1's ghost (adept DECj)
 50417 | Swamp:2  | Killed Deep1's ghost
 50530 | Swamp:3  | Noticed Aizul
 50539 | Swamp:3  | Killed Aizul
 50872 | Swamp:3  | Noticed Donald
 50899 | Swamp:3  | Killed Donald
 50900 | Swamp:3  | Reached skill level 16 in Unarmed Combat
 51495 | Swamp:4  | Entered Level 4 of the Swamp
 51786 | Swamp:4  | Identified +0 swamp dragon scales
 51799 | Swamp:4  | Reached XP level 20. HP: 149/149 MP: 0/0
 52062 | Swamp:4  | Reached skill level 17 in Unarmed Combat
 52126 | Swamp:4  | Got a decaying rune of Zot
 52163 | Swamp:4  | Noticed a tentacled monstrosity
 52176 | Swamp:4  | Killed a tentacled monstrosity
 52246 | Swamp:4  | HP: 13/149 [spriggan rider (25)]
 52246 | Swamp:4  | Killed from afar by a soul eater

Vanquished Creatures
  A tentacled monstrosity (Swamp:4)
  An Ice Fiend (IceCv)
  Donald (Swamp:3)
  Agnes (D:15)
  Roxanne (D:14)
  3 fenstrider witches (Swamp:4)
  4 ghost moths
  Aizul (Swamp:3)
  4 emperor scorpions (Spider:4)
  The ghost of Byruo the Unseen, an adept SpFi of Uskayaw (Spider:3)
  A ghoul (Swamp:4)
  4 entropy weavers
  2 spark wasps
  7 bunyips
  A shambling mangrove (Swamp:4)
  3 eleionomae
  A green death (Swamp:4)
  Josephine (Swamp:1)
  A rakshasa (D:13)
  A caustic shrike simulacrum (IceCv)
  4 boulder beetles
  14 hydras
  A vault guard (D:14)
  A ghost crab (Swamp:4)
  7 dancing weapons (Spider:1)
  6 alligators
  2 death knights
  6 two-headed ogres
  4 centaur warriors
  An ogre mage (Swamp:4)
  An orc high priest (Orc:2)
  A death yak (D:9)
  8 death scarabs (Spider:4)
  A spriggan berserker (Swamp:4)
  7 tengu warriors
  Nergalle (Lair:3)
  A spectral emperor scorpion (Spider:4)
  A sixfirhy (Swamp:4)
  4 skeletal warriors
  4 spriggan druids
  A storm dragon skeleton (D:15)
  2 goliath frogs
  4 wizards
  An obsidian statue (IceCv)
  An orange crystal statue (Spider:2)
  2 necromancers
  2 swamp dragons
  6 bog bodies
  Pikel (D:4)
  16 orb spiders
  34 wolf spiders
  A phantasmal warrior (D:15)
  2 spectral wolf spiders (Spider:4)
  A lindwurm (Lair:4)
  4 orc sorcerers
  6 deep elf pyromancers
  5 orc knights
  3 manticores
  2 wolf spider zombies (Spider:4)
  4 oklob plants
  An orb spider (shapeshifter) (D:14)
  22 ugly things
  3 moths of wrath
  A will-o-the-wisp (Swamp:3)
  6 cyclopes
  A spriggan zombie (D:15)
  2 centaur zombies
  A guardian serpent (Lair:6)
  A guardian serpent (shapeshifter) (D:15)
  3 gargoyles
  7 elephants
  12 black mambas
  14 cane toads
  4 torpor snails
  An unseen horror (D:12)
  Maggie (D:7)
  6 komodo dragons
  An orange demon (Swamp:4)
  A rime drake (shapeshifter) (D:13)
  4 rime drakes
  6 yaktaurs
  5 spectral redbacks (Spider:4)
  An efreet (D:15)
  2 redback zombies (Spider:4)
  14 demonic crawlers
  8 freezing wraiths (IceCv)
  A tengu conjurer (D:15)
  2 ice devils (IceCv)
  2 hellwings (Swamp:4)
  3 entropy weaver simulacra (IceCv)
  33 jumping spiders
  A polar bear (Lair:6)
  7 trolls
  3 spectral jumping spiders (Spider:4)
  A meliai (D:9)
  17 hornets
  4 dream sheep (Lair:6)
  A meliai zombie (D:11)
  10 slime creatures (D:13)
  3 spectral tarantellas (Spider:4)
  3 blink frogs (Lair:1)
  9 tyrant leeches
  2 jumping spider zombies (Spider:4)
  5 tarantella zombies (Spider:4)
  A deep troll skeleton (D:15)
  An ettin skeleton (D:15)
  63 redbacks
  3 spriggans
  2 shadows
  43 tarantellas
  15 wyverns
  5 spriggan simulacra (IceCv)
  54 yaks
  6 wraiths
  Eustachio (D:4)
  5 basilisks
  A steam dragon (D:9)
  19 humans (D:14)
  10 vampire mosquitoes
  Grum (D:9)
  A neqoxec (Swamp:4)
  10 swamp worms
  4 minotaur simulacra (IceCv)
  2 harpy simulacra (IceCv)
  2 hydra simulacra (IceCv)
  4 wargs
  An acid dragon (D:11)
  28 water moccasins
  2 swamp drakes (Swamp:1)
  2 spectral hornets (Spider:4)
  An alligator simulacrum (IceCv)
  A sky beast (D:6)
  38 orc warriors
  A hornet zombie (Spider:4)
  An ice beast (D:7)
  A black bear (D:5)
  An ettin simulacrum (IceCv)
  A necrophage (D:7)
  13 ogres
  18 wolves
  11 centaurs
  A lemure (D:4)
  Blork the orc (D:4)
  A kobold brigand (D:10)
  7 bullfrogs
  2 scorpions
  A deep troll simulacrum (IceCv)
  A lindwurm simulacrum (IceCv)
  6 wights
  2 howler monkeys
  2 jellies
  3 bullfrog skeletons
  2 centaur skeletons
  A gnoll shaman (D:6)
  13 orc priests
  4 hounds
  3 iguanas
  Natasha (D:2)
  18 orc wizards
  A hell rat (D:9)
  A hound skeleton (D:4)
  3 gnolls (D:6)
  2 howler monkey zombies (D:8)
  2 adders
  A shadow imp (D:8)
  2 white imps
  3 worms
  4 dart slugs
  65 orcs
  7 bats
  8 endoplasms
  A giant cockroach (D:2)
  4 goblins
  6 hobgoblins
  7 quokkas
  10 ball pythons
  4 frilled lizards
  10 kobolds
  3 rats
1034 creatures vanquished.

Vanquished Creatures (collateral kills)
  Kirke (Lair:5)
  An orc warlord (Orc:2)
  The ghost of Deep1 the Eclecticist, an adept DECj of Sif Muna (Swamp:2)
  2 hydras
  Erica (D:10)
  A catoblepas (Lair:6)
  A two-headed ogre (D:8)
  2 death yaks (D:9)
  A wolf spider (Spider:4)
  Joseph (D:10)
  A torpor snail (Spider:4)
  A tarantella (Spider:4)
  A wyvern (Lair:3)
  A basilisk (D:9)
  2 hogs (Lair:5)
  Menkaure (D:7)
  2 wolves (Lair:3)
  A lemure (D:4)
  A hound (D:7)
  A centaur skeleton (D:7)
  Terence (D:2)
  A hobgoblin (D:1)
  2 kobolds (D:1)
  2 rats (D:1)
30 creatures vanquished.

Vanquished Creatures (others)
  2 eldritch tentacles
  An eleionoma (Swamp:1)
  A spriggan berserker (Swamp:4)
  A goliath frog (Swamp:1)
  A deep elf zephyrmancer (Swamp:4)
  2 bloated husks
  A tyrant leech (Swamp:4)
  A human (Lair:5)
  A chaos spawn (Swamp:4)
  4 foxfires (Swamp:3)
  56 fungi
  46 plants
  4 toadstools (D:1)
121 creatures vanquished.

Grand Total: 1185 creatures vanquished
